 Dungeon Crawl Stone Soup version 0.23.0-3-gf3c87f2 (webtiles) character file.

Game seed: 9384517484684053855

280 Gazerockf the Covert (level 6, -2/46 HPs)
             Began as a Vampire Assassin on Feb 23, 2019.
             Slain by a gnoll
             ... wielding a +0 whip
              (5 damage)
             ... on level 5 of the Dungeon.
             The game lasted 00:13:06 (3721 turns).

Gazerockf the Covert (Vampire Assassin)             Turns: 3721, Time: 00:13:07

Health: -2/46      AC:  4    Str: 10    XL:     6   Next: 5%
Magic:  6/6        EV: 12    Int: 14    God:
Gold:   101        SH:  0    Dex: 17    Spells: 4/5 levels left

rFire    . . .     SeeInvis +   a - +2 dagger (venom)
rCold    + . .     Gourm    .   (no shield)
rNeg     + + .     Faith    .   c - +0 robe
rPois    +         Spirit   .   (no helmet)
rElec    .         Reflect  .   d - +0 cloak
rCorr    .         Harm     .   i - +0 pair of gloves
MR       .....                  (no boots)
Stlth    ++++++....             (no amulet)
HPRegen  0.07/turn              (no ring)
MPRegen  0.10/turn              (no ring)

@: regenerating slowly
A: rotting body, fangs 3, see invisible, unbreathing
a: Bat Form


You were on level 5 of the Dungeon.
You were thirsty.

You visited 1 branch of the dungeon, and saw 5 of its levels.

You collected 101 gold pieces.

Inventory:

Hand Weapons
 a - a +2 dagger of venom (weapon)
 b - a +0 blowgun
 z - a +4 quarterstaff of chaos
Missiles
 e - 22 poisoned needles
 f - 2 curare-tipped needles
 o - 58 bolts
Armour
 c - a +0 robe (worn)
 d - a +0 cloak (worn)
 i - a +0 pair of gloves (worn)
 u - a +0 pair of gloves
Jewellery
 r - a cursed ring of teleportation
 A - an uncursed ring of fire
Scrolls
 m - a scroll of noise
 p - a scroll of amnesia
 q - 2 scrolls of blinking {unknown}
 v - a scroll of remove curse {unknown}
 y - a scroll of magic mapping {unknown}
Potions
 g - 12 potions of blood
 h - a potion of heal wounds {unknown}
 k - a potion of invisibility {unknown}
 l - a potion of agility {unknown}
 s - 2 potions of ambrosia {unknown}
 t - a potion of curing {unknown}
 w - a potion of brilliance {unknown}
Comestibles
 j - 4 rations


   Skills:
 + Level 2.6 Fighting
 + Level 3.2 Short Blades
 - Level 1.5 Throwing
 - Level 1.1 Dodging
 - Level 10.0 Stealth


You had 4 spell levels left.
You knew the following spells:

 Your Spells              Type           Power        Failure   Level  Hunger
a - Confusing Touch       Hex            #.....       28%         1    ##.....

Your spell library contained the following spells:

 Spells                   Type           Power        Failure   Level  Hunger
 Animate Skeleton         Necr           N/A          28%         1    ##.....
 Apportation              Tloc           #.....       28%         1    ##.....
 Summon Small Mammal      Summ           #...         28%         1    ##.....


Dungeon Overview and Level Annotations

Branches:
Dungeon (5/15)
 Temple: D:4-7

Altars:
Hepliaklqana
Nemelex Xobeh
Okawaru
Ru
Trog
Xom


Innate Abilities, Weirdness & Mutations

Your body is rotting away.
You thrive on raw meat.
You heal slowly.
You have razor-sharp teeth.
You have supernaturally acute eyesight. (SInv)
You can survive without breathing.


Message History

You can't go up here!
The gnoll misses you.
The water moccasin skeleton barely misses you.
The gnoll sergeant hits you from afar with a +0 spear!
* * * LOW HITPOINT WARNING * * *
The gnoll misses you.
You climb downwards.
There is a stone staircase leading up here.
You see here a +2 dagger.
As you read the scroll labeled ROUJAERCH CUAL, it crumbles to dust.
You hear a loud clanging noise!
It was a scroll of noise.
You hear a shout!
An orc comes into view.
The gnoll closely misses you.
As you read the scroll labeled QIKHUI XUBEST, it crumbles to dust.
It is a scroll of amnesia.
Okay, then.
The gnoll hits you with a +0 whip.
You die...

#### #.@#
...o...g#
.......#.
.......
##
..(...#
......
......
(..(..


You could see a gnoll and an orc.

Vanquished Creatures
  Crazy Yiuf (D:3)
  A hound (D:4)
  An orc wizard (D:3)
  2 worker ants
  A gnoll (D:4)
  3 adders (D:2)
  3 oozes
  4 worms
  4 orcs
  2 ball pythons (D:2)
  6 giant cockroaches
  7 goblins
  9 hobgoblins
  4 jackals (D:4)
  8 kobolds
  8 bats
  7 frilled lizards
  A quokka skeleton (D:4)
  8 rats
80 creatures vanquished.

Notes
Turn   | Place    | Note
-------+----------+-------------------------------------------
     0 | D:1      | Gazerockf the Vampire Assassin began the quest for the Orb.
     0 | D:1      | Reached XP level 1. HP: 16/16 MP: 1/1
    21 | D:1      | Reached skill level 6 in Stealth
   149 | D:1      | Reached XP level 2. HP: 16/22 MP: 2/2
   266 | D:1      | Reached skill level 7 in Stealth
   413 | D:2      | Reached XP level 3. HP: 13/27 MP: 3/3
  1031 | D:1      | Reached skill level 8 in Stealth
  1262 | D:2      | Reached XP level 4. HP: 11/33 MP: 4/4
  1475 | D:2      | Found a bloodstained altar of Trog.
  1475 | D:2      | Found an iron altar of Okawaru.
  1475 | D:2      | Found a sacrificial altar of Ru.
  1570 | D:2      | Reached skill level 9 in Stealth
  1692 | D:2      | Found a faded altar of an unknown god.
  2083 | D:3      | Reached XP level 5. HP: 28/38 MP: 5/5
  2153 | D:3      | Reached skill level 10 in Stealth
  2208 | D:3      | Found a shimmering altar of Xom.
  2525 | D:3      | Found a runed translucent door.
  2526 | D:3      | Noticed Crazy Yiuf
  2758 | D:3      | Killed Crazy Yiuf
  2863 | D:4      | Found a hazy altar of Hepliaklqana.
  2952 | D:4      | Learned a level 1 spell: Confusing Touch
  2986 | D:4      | Reached XP level 6. HP: 27/46 MP: 6/6
  3008 | D:4      | Found a sparkling altar of Nemelex Xobeh.
  3096 | D:5      | Entered Level 5 of the Dungeon
  3721 | D:5      | Slain by a gnoll

Skill      XL: |  1  2  3  4  5 |
---------------+----------------+-----
Stealth        | 6 7 8 9 10 | 10.0
Fighting       | 2 |  2.6
Short Blades   | 3 |  3.2
Throwing       | |  1.5
Dodging        | |  1.1

Action                   |  1- 3 |  4- 6 || total
-------------------------+-------+-------++-------
Melee: Dagger            |   127 |   121 ||   248
       Bite              |     9 |    14 ||    23
 Fire: Blowgun           |    11 |     4 ||    15
  Use: Scroll            |     3 |     3 ||     6
       Potion            |       |     5 ||     5
 Stab: Sleeping          |     8 |    12 ||    20
Armor: Robe              |    40 |    22 ||    62
Dodge: Dodged            |   101 |    76 ||   177
